 Dungeon Crawl Stone Soup version 0.31-a0-691-g409c26aa35 (webtiles) character file.

Game seed: 16543866013462417843

264 iamoutofideas the Chopper (level 6, 0/56 HPs)
             Began as a Hill Orc Berserker on Sept 7, 2023.
             Was a Priest of Trog.
             Slain by an orc
             ... wielding a +0 whip
              (2 damage)
             ... on level 3 of the Dungeon.
             The game lasted 00:03:24 (2346 turns).

iamoutofideas the Chopper (Hill Orc Berserker)      Turns: 2346, Time: 00:03:25

Health: 0/56       AC:  4    Str: 22 (25) XL:     6   Next: 19%
Magic:  6/6        EV: 12    Int:  6 (9)  God:    Trog [***...]
Gold:   157        SH:  0    Dex:  9 (10) Spells: 5/5 levels left

rFire   . . .        a - +0 hand axe
rCold   . . .        (no shield)
rNeg    . . .        b - +0 animal skin
rPois   .            l - +0 helmet of Yvvetaga {rCorr Str+3 Int+2}
rElec   .            f - +0 cloak
rCorr   +            (no gloves)
SInv    .            (no boots)
Will    +....        (no amulet)
Stlth   +            (no ring)
HPRegen 0.29/turn    (no ring)
MPRegen 0.10/turn

%: no passive effects
@: brilliant, enlightened, flying
A: no striking features
a: Renounce Religion, Berserk, Trog's Hand


You were on level 3 of the Dungeon.
You worshipped Trog.
Trog was most pleased with you.
You visited 1 branch of the dungeon, and saw 3 of its levels.

You collected 157 gold pieces.

Inventory:

Hand Weapons
 a - a +0 hand axe (weapon)
 k - a +0 vampiric dagger
Armour
 b - a +0 animal skin (worn)
 f - a +0 cloak (worn)
 l - the +0 helmet of Yvvetaga (worn) {rCorr Str+3 Int+2}
   (You took it off Robin on level 2 of the Dungeon)

   Str+3:     It affects your strength (+3).
   Int+2:     It affects your intelligence (+2).
   rCorr:     It protects you from acid and corrosion.
Scrolls
 g - a scroll of torment {unknown}
 h - 2 scrolls of vulnerability {unknown}
 i - a scroll of enchant weapon {unknown}
 o - a scroll of teleportation {unknown}
Potions
 c - a potion of enlightenment
 d - a potion of brilliance
 j - a potion of haste {unknown}
 m - a potion of mutation {unknown}
 n - a potion of magic {unknown}
 p - a potion of curing {unknown}
 q - a potion of invisibility {unknown}


   Skills:
 + Level 5.1 Fighting
 + Level 5.6 Axes
 + Level 3.8 Armour
 + Level 2.9 Dodging


You had 5 spell levels left.
You didn't know any spells.
Your spell library was empty.

Dungeon Overview and Level Annotations

Branches:
Dungeon (3/15)

Altars:
Ru

Annotations:
D:3 Jessica


Message History

You closely miss the orc. You hit the orc.
You kill the orc!
Trog accepts your kill.
Jessica hits you with a +1 dagger of venom.
The orc hits you with a +0 whip.
* * * LOW HITPOINT WARNING * * *
Unknown command.
You barely miss Jessica.
Jessica is almost dead.
You closely miss the orc.
Jessica mumbles some strange words.
Jessica blinks!
The orc hits you with a +0 whip.
* * * LOW HITPOINT WARNING * * *
Unknown command.
You hit the orc but do no damage. The orc hits you with a +0 whip.
* * * LOW HITPOINT WARNING * * *
You closely miss the orc. The orc hits you with a +0 whip.
* * * LOW HITPOINT WARNING * * *
You hit the orc.
The orc is heavily wounded.
Jessica gestures at you while chanting. Pain shoots through your body!
* * * LOW HITPOINT WARNING * * *
The orc barely misses you.
Unknown command.
It was a potion of brilliance.
You feel clever all of a sudden.
Jessica gestures wildly while chanting.
Jessica seems to speed up.
The orc misses you.
It was a potion of enlightenment.
You feel very buoyant.
You fly up into the air.
Jessica casts a spell at you. You resist with some effort.
The orc hits you with a +0 whip.
* * * LOW HITPOINT WARNING * * *
It was a potion of degeneration.
There was something very wrong with that liquid.
You feel weakened.
You feel dopey.
You feel clumsy. The orc hits you with a +0 whip.
You die...

#.......# #######.ยง
#.#####.# #........
#######.# #.......
........## ####.....#
.........# #........
.........# #.##.#.# #
.........###......#.#
##.......'..>..#....#
#.......#####.#@@:.#
...#######
#.#o)...... ##.
#.#...##### #
#.#....# #.#....#
..#..#.# ###..#.#
...#.#


You could see Jessica (fast) and an orc.

Vanquished Creatures
  An orc priest (D:3)
  Natasha (thrice) (D:2)
  Robin (D:2)
  4 adders (D:2)
  A worm (D:2)
  2 dart slugs (D:1)
  7 orcs (D:3)
  2 ball pythons
  7 endoplasms
  2 giant cockroaches (D:1)
  11 goblins
  6 hobgoblins
  16 jackals
  3 quokkas
  4 bats
  4 kobolds
  23 rats
97 creatures vanquished.

Notes
Turn   | Place    | Note
-------+----------+-------------------------------------------
     0 | D:1      | iamoutofideas the Hill Orc Berserker began the quest for
                  | the Orb.
     0 | D:1      | Reached XP level 1. HP: 19/19 MP: 1/1
    81 | D:1      | Reached XP level 2. HP: 15/27 MP: 2/2
   384 | D:1      | Reached XP level 3. HP: 33/33 MP: 3/3
   811 | D:2      | Reached ** piety under Trog
   861 | D:2      | Noticed Natasha
   874 | D:2      | Killed Natasha
   875 | D:2      | Reached XP level 4. HP: 36/41 MP: 4/4
   989 | D:2      | Noticed Natasha
   998 | D:2      | Killed Natasha
   999 | D:2      | Reached skill level 5 in Axes
  1166 | D:2      | Reached XP level 5. HP: 47/47 MP: 5/5
  1192 | D:2      | Identified the +0 helmet of Yvvetaga {rCorr Str+3 Int+2}
  1192 | D:2      | Noticed Robin
  1204 | D:2      | Killed Robin
  1247 | D:2      | Found a sacrificial altar of Ru.
  1759 | D:2      | Noticed Natasha
  1772 | D:2      | Killed Natasha
  1985 | D:3      | Reached *** piety under Trog
  2179 | D:3      | Reached XP level 6. HP: 55/55 MP: 6/6
  2183 | D:3      | Reached skill level 5 in Fighting
  2328 | D:3      | Noticed Jessica
  2345 | D:3      | HP: 2/56 [orc/+0 whip (4)]
  2346 | D:3      | Slain by an orc

Illustrated notes

Levels and vault maps discovered:
D:1:      dpeg_arrival_refuge, layout_basic, grunt_decor_cap
D:2:      layout_basic, basic_altar, uniq_robin, uniq_natasha
D:3:      layout_basic, minmay_rat_hole, uniq_jessica

Skill      XL: |  1  2  3  4  5  6 |
---------------+-------------------+-----
Fighting       | 4 5 |  5.1
Dodging        | 2 |  2.9
Armour         | 3 |  3.8
Axes           | 5 |  5.6

Action                     |  1- 3 |  4- 6 || total
---------------------------+-------+-------++-------
  Melee: Hand axe          |   134 |   165 ||   299
         Punch             |       |     2 ||     2
 Invoke: Berserk           |     1 |     1 ||     2
    Use: Potion            |       |     3 ||     3
   Stab: Sleeping          |     2 |       ||     2
 Armour: Animal skin       |    76 |   115 ||   191
  Dodge: Dodged            |   105 |   101 ||   206

Table legend: (Time is in decaauts)
 A = Elapsed time spent in this place.
 B = Non-inter-level travel time spent in this place.
 C = Inter-level travel time spent in this place.
 D = Time resting spent in this place.
 E = Time spent auto-exploring this place.
 F = Levels seen in this place.
 G = Mean time per level.
                   A        B        C        D        E       F      G
               +--------+--------+--------+--------+--------+-----+--------+
         Total |   2384 |   2327 |     57 |    468 |   1331 |   3 |  794.7 |
       Dungeon |   2384 |   2327 |     57 |    468 |   1331 |   3 |  794.7 |
               +--------+--------+--------+--------+--------+-----+--------+

Top non-repeatable levels by time:
     D:2: 1045 daAuts
     D:1: 809 daAuts
     D:3: 529 daAuts
